 Dungeon Crawl Stone Soup version 0.20-a0-957-g47ad1fd (webtiles) character file.

264 wirefist the Poker (level 5, -3/46 HPs)
             Began as a Draconian Chaos Knight on Apr 5, 2017.
             Splashed by a jelly's acid (5 damage)
             ... on level 3 of the Dungeon.
             The game lasted 00:08:10 (2136 turns).

wirefist the Poker (Draconian Chaos Knight)         Turns: 2136, Time: 00:08:11

Health: -3/46      AC: -2    Str: 15    XL:     5   Next: 98%
Magic:  5/5        EV: 13    Int: 12    God:    Xom [*.....]
Gold:   135        SH:  0    Dex: 11    Spells: 4/4 levels left

rFire    + . .     SeeInvis .   a - +0 spear (chaos)
rCold    x . .     Gourm    .   (no shield)
rNeg     . . .     Faith    .   (armour unavailable)
rPois    .         Spirit   .   (helmet restricted)
rElec    .         Reflect  .   p - +0 cloak
rCorr    .         Harm     .   (no gloves)
MR       .....                  (no boots)
Stlth    ..........             (no amulet)
Regen    0.2/turn               e - ring of loudness (curse)
MPRegen  0.1/turn               f - ring of fire

@: corroded
A: unfitting armour, cold-blooded, AC +5
a: Renounce Religion


You were on level 3 of the Dungeon.
You worshipped Xom.
You were a special plaything of Xom.
You were not hungry.

You visited 1 branch of the dungeon, and saw 3 of its levels.

You collected 135 gold pieces.

Inventory:

Hand Weapons
 a - a +0 spear of chaos (weapon)
 n - a +0 whip
 t - a +3 hunting sling
Missiles
 u - 80 stones (quivered)
Armour
 p - a +0 cloak (worn)
Jewellery
 e - a cursed ring of loudness (left hand)
 f - a ring of fire (right hand)
 k - an uncursed ring of flight
Scrolls
 c - 2 scrolls of recharging {unknown}
 d - a scroll of identify {unknown}
 j - a scroll of random uselessness {unknown}
 l - 2 scrolls of fear {unknown}
 m - a scroll of enchant weapon {unknown}
 q - a scroll of immolation {unknown}
 s - a scroll of amnesia {unknown}
 v - a scroll of remove curse {unknown}
Potions
 g - a potion of berserk rage {unknown}
 h - 5 potions of curing {unknown}
 i - 2 potions of haste {unknown}
 o - a potion of cancellation {unknown}
Comestibles
 b - a bread ration


   Skills:
 + Level 3.7 Fighting
 * Level 6.1 Polearms
 + Level 2.9 Dodging


You had 4 spell levels left.
You didn't know any spells.

Dungeon Overview and Level Annotations

Branches:
Dungeon (3/15)

Altars:
Okawaru


Innate Abilities, Weirdness & Mutations

Your plain brown scales are hard. (AC +5)
You cannot fit into any form of body armour.
You are cold-blooded and may be slowed by cold attacks.


Message History

The acid corrodes you!
Your hands burn!
You hit the jelly but do no damage. The acid corrodes you!
Your hands burn!
The jelly closely misses you.
You hit the jelly but do no damage.
Your hands burn!
The jelly barely misses you.
You barely miss the jelly.
You tail-slap the jelly, but do no damage.
You completely miss the jelly.
The jelly jiggles.
The jelly hits you.
You are splashed with acid!
The acid burns!
You hit the jelly but do no damage. The acid corrodes you!
Your hands burn!
The jelly hits you.
You are splashed with acid!
The acid burns!
* * * LOW HITPOINT WARNING * * *
You barely miss the jelly. The jelly hits you.
* * * LOW HITPOINT WARNING * * *
You are splashed with acid!
The acid burns!
* * * LOW HITPOINT WARNING * * *
You hit the jelly but do no damage.
Your hands burn!
You die...
Xom titters!

######.# #.# # ## #<#
####.######.#
##...#.###(##.##...#.#
###
#...........)(...#....
..#
##...#.###.##)##...#
#.# ##.##.#
####.#...## #.# #. #.#
#......#.# #.# . ..#
#...J....# #.# # ###
####@##### #.# #.#
##.## #.# ##.#.###
##'## ##.###รท##
##...## ##.##.##.#
##.....## #.##.#.##.
##.......## ##..###..#
#.........####).###..#
+.........'......#....


You could see a jelly.

Vanquished Creatures
  A porcupine (D:3)
  An orc wizard (D:3)
  An orc priest (D:3)
  2 adders (D:3)
  An ooze (D:3)
  A worm (D:2)
  2 leopard geckos
  10 orcs (D:3)
  6 giant cockroaches
  6 goblins
  6 hobgoblins
  4 jackals (D:1)
  7 kobolds
  A quokka (D:3)
  5 bats
  3 frilled lizards
  A quokka zombie (D:3)
  8 rats
66 creatures vanquished.

Notes
Turn   | Place    | Note
-------+----------+-------------------------------------------
     0 | D:1      | wirefist the Draconian Chaos Knight began the quest for the Orb.
     0 | D:1      | Reached XP level 1. HP: 19/19 MP: 1/1
   160 | D:1      | Reached XP level 2. HP: 25/26 MP: 2/2
   519 | D:1      | XOM: silly message
   531 | D:1      | XOM: mild Hex miscast
   659 | D:2      | Reached XP level 3. HP: 31/31 MP: 3/3
   731 | D:2      | Reached skill level 4 in Polearms
   877 | D:2      | XOM: god gift: fizzy yellow potion {god gift}
   914 | D:2      | XOM: harmless Erth miscast
  1262 | D:2      | XOM: summons 1 hostile demon
  1350 | D:3      | Reached XP level 4. HP: 32/38 MP: 4/4
  1589 | D:3      | Reached skill level 5 in Polearms
  1622 | D:3      | XOM: blink monster(s)
  1640 | D:3      | Reached XP level 5. HP: 42/45 MP: 5/5
  1664 | D:3      | Found an iron altar of Okawaru.
  1784 | D:3      | XOM: noise
  1833 | D:3      | Noticed a porcupine
  1833 | D:3      | an ooze changed into a porcupine
  1833 | D:3      | XOM: polymorph ooze -> porcupine
  1834 | D:3      | Killed a porcupine
  1834 | D:3      | Reached skill level 6 in Polearms
  2029 | D:3      | XOM: mild Necr miscast
  2047 | D:3      | XOM: harmless Ice miscast
  2079 | D:3      | XOM: mild Tloc miscast
  2135 | D:3      | HP: 2/46 [acid (9)]
  2136 | D:3      | Splashed by a jelly's acid

Vault maps used:
D:1:      minmay_arrival_checkered_box, serial_bayou_pond_c
D:2:      grunt_ministairs_15
D:3:      okawaru_gym_becter

Skill      XL: |  1  2  3  4  5 |
---------------+----------------+-----
Polearms       | 4 5 6 |  6.1
Fighting       | |  3.7
Dodging        | |  2.9

Action                   |  1- 3 |  4- 6 || total
-------------------------+-------+-------++-------
Melee: Spear             |   119 |   111 ||   230
       Tailslap          |    14 |    11 ||    25
 Stab: Paralysed         |     4 |       ||     4
  Eat: Chunk             |     1 |     3 ||     4
Armor: Skin              |    20 |    17 ||    37
Dodge: Dodged            |    53 |    58 ||   111
